 Dungeon Crawl Stone Soup version 0.30-a0-739-gea05faddec (webtiles) character file.

Game seed: 16625729115782848056

478 ooooo the Conjurer (level 6, -13/41 HPs)
             Began as a Demonspawn Conjurer on Feb 4, 2023.
             Mangled by Pikel
             ... wielding a +2 whip of electrocution
              (20 damage)
             ... on level 4 of the Dungeon.
             The game lasted 00:07:34 (4803 turns).

ooooo the Conjurer (Demonspawn Conjurer)            Turns: 4803, Time: 00:07:34

Health: -13/41     AC:  6    Str:  7    XL:     6   Next: 86%
Magic:  2/9        EV: 11    Int: 22    God:
Gold:   194        SH:  0    Dex: 11    Spells: 2/9 levels left

rFire   . . .      SeeInvis .    g - +0 dagger
rCold   . . .      Faith    .    (no shield)
rNeg    . . .      Spirit   .    k - +0 leather armour
rPois   +          Reflect  .    (no helmet)
rElec   .          Harm     .    (no cloak)
rCorr   .          Rampage  .    i - +0 pair of gloves
Will    .....                    (no boots)
Stlth   +                        (no amulet)
HPRegen 0.26/turn                q - ring of poison resistance
MPRegen 0.11/turn                (no ring)

@: very slightly contaminated
A: icy blue scales 1, ignite blood 1
a: no special abilities


You were on level 4 of the Dungeon.
You visited 1 branch of the dungeon, and saw 4 of its levels.

You collected 194 gold pieces.

Inventory:

Hand Weapons
 g - a +0 dagger (weapon)
Missiles
 t - 3 poisoned darts
Armour
 i - a +0 pair of gloves (worn)
 k - a +0 leather armour (worn)
Jewellery
 q - a ring of poison resistance (left hand)
Wands
 u - a wand of charming (4)
Scrolls
 a - a scroll of poison {unknown}
 b - a scroll of enchant weapon
 e - a scroll of identify
 f - a scroll of torment
 h - 2 scrolls of blinking {unknown}
 j - 2 scrolls of immolation {unknown}
 l - a scroll of brand weapon {unknown}
 p - a scroll of enchant armour
 r - 2 scrolls of amnesia {unknown}
 s - 2 scrolls of teleportation {unknown}
Potions
 c - a potion of resistance {unknown}
 d - 6 potions of curing
 m - 2 potions of attraction
 n - a potion of heal wounds
 o - 3 potions of might


   Skills:
 - Level 1.7 Dodging
 - Level 1.7 Stealth
 - Level 2.0 Spellcasting
 - Level 6.1 Conjurations
 + Level 5.4 Hexes


You had 2 spell levels left.
You knew the following spells:

 Your Spells              Type           Power      Damage    Failure   Level
a - Magic Dart            Conj           100%       1d8       1%          1
b - Searing Ray           Conj           58%        2d6       2%          2
c - Fulminant Prism       Conj/Hex       13%        3d9       19%         4

Your spell library contained the following spells:

 Spells                   Type           Power      Damage    Failure   Level
 Lesser Beckoning         Tloc           4%         N/A       30%         2
 Dazzling Flash           Conj/Hex       54%        N/A       6%          3
 Gell's Gravitas          Tloc           2%         N/A       52%         3
 Teleport Other           Tloc           2%         N/A       52%         3
 Iskenderun's Mystic Bla  Conj/Tloc      15%        2d5       52%         4


Dungeon Overview and Level Annotations

Branches:
Dungeon (4/15) Zot: 19189
 Temple: D:4-7

Altars:
Nemelex Xobeh

Annotations:
D:4 Pikel


Innate Abilities, Weirdness & Mutations

You are partially covered in icy blue scales. (AC +2)
Your demonic aura sometimes causes spilled blood to erupt in flames.


Message History

Aiming: Searing Ray (safe; 2% risk of failure)
Press: ? - help, Shift-Dir - straight line, f - Pikel
Aim: Pikel, wielding a +2 whip of electrocution and wearing a +0 robe (74% to hit)
You miscast Searing Ray.
You are very lightly contaminated with residual magic.
Nothing appears to happen.
A lemure comes into view.
Pikel hits you with a +2 whip of electrocution.
Unknown command.
Casting: Searing Ray (safe; 2% risk of failure)
Confirm with . or Enter, or press ? or * to list all spells.
Aiming: Searing Ray (safe; 2% risk of failure)
Press: ? - help, Shift-Dir - straight line, f/p - Pikel
Aim: Pikel, wielding a +2 whip of electrocution and wearing a +0 robe (74% to hit)
The searing ray hits Pikel!
Pikel is moderately wounded.
The searing ray hits the lemure!
The lemure is moderately wounded. (Press . to maintain the ray.) Pikel says, "You'll make a fine lemure."
Pikel hits you with a +2 whip of electrocution.
Unknown command.
The searing ray hits Pikel.
Pikel is moderately wounded.
The searing ray hits the lemure.
The lemure is heavily wounded.
Pikel closely misses you.
The searing ray misses Pikel.
The searing ray hits the lemure!
The lemure is severely wounded.
Pikel hits you but does no damage.
You are electrocuted!
Unknown command.
The searing ray hits Pikel!
Pikel is heavily wounded.
The searing ray hits the lemure.
The lemure is almost dead.
You finish channelling your searing ray.
Pikel hits you with a +2 whip of electrocution.
* * * LOW HITPOINT WARNING * * *
You are electrocuted!!
You die...

#.# #.#.# ####...#
#.#.# #......# #
#.#.##### #...~~.)
##.###)..>.... #♣~~~≈.#
#..........##...~.~~~~#
#.....5..#.# ##.≈~~~.#
#.####5#.# # #.♣..... #
#K#.# # ##.... #@#.#
###.. #.#.# #.. #.# #..
#.. ###


You could see Pikel and 2 lemures.

Vanquished Creatures
  Sigmund (D:3)
  A lemure (D:4)
  2 hounds (D:4)
  A quasit (D:4)
  A jelly (D:2)
  Natasha (twice) (D:3)
  Terence (D:3)
  4 adders
  2 shadow imps (D:4)
  A white imp (D:4)
  2 dart slugs
  3 orcs (D:4)
  3 ball pythons
  4 bats
  8 endoplasms
  A giant cockroach (D:1)
  2 goblins
  3 hobgoblins
  3 kobolds
  3 quokkas
  A frilled lizard (D:3)
  A rat (D:3)
50 creatures vanquished.

Vanquished Creatures (others)
  2 demonic plants (D:4)
2 creatures vanquished.

Grand Total: 52 creatures vanquished

Notes
Turn   | Place    | Note
-------+----------+-------------------------------------------
     0 | D:1      | ooooo the Demonspawn Conjurer began the quest for the Orb.
     0 | D:1      | Reached XP level 1. HP: 13/13 MP: 3/3
   370 | D:1      | Gained mutation: You are partially covered in icy blue
                  | scales. (AC +2) [demonic ancestry]
   370 | D:1      | Reached XP level 2. HP: 15/19 MP: 1/5
   373 | D:1      | Learned a level 2 spell: Searing Ray
  1426 | D:2      | Reached skill level 5 in Conjurations
  1447 | D:2      | Reached XP level 3. HP: 23/24 MP: 3/6
  1559 | D:2      | Found a faded altar of an unknown god.
  1910 | D:2      | Gained mutation: Your demonic aura sometimes causes spilled
                  | blood to erupt in flames. [demonic ancestry]
  1910 | D:2      | Reached XP level 4. HP: 30/30 MP: 1/7
  2169 | D:3      | Noticed Natasha
  2193 | D:3      | Killed Natasha
  2194 | D:3      | Reached skill level 6 in Conjurations
  2199 | D:3      | Learned a level 4 spell: Fulminant Prism
  2416 | D:3      | Noticed Terence
  2425 | D:3      | Killed Terence
  2426 | D:3      | Reached skill level 1 in Hexes
  2426 | D:3      | Reached XP level 5. HP: 24/35 MP: 0/8
  2539 | D:3      | Noticed Sigmund
  3498 | D:3      | Killed Sigmund
  3499 | D:3      | Reached XP level 6. HP: 16/41 MP: 6/9
  3630 | D:3      | Noticed Natasha
  3637 | D:3      | Killed Natasha
  4336 | D:4      | Reached skill level 5 in Hexes
  4548 | D:4      | Found a sparkling altar of Nemelex Xobeh.
  4793 | D:4      | Noticed Pikel
  4803 | D:4      | Mangled by Pikel

Illustrated notes

Levels and vault maps discovered:
D:1:      erik_arrival_triangle_small, layout_basic
D:2:      layout_basic, dreamdust_ecumenical_altar_statues,
          kennysheep_nondescript
D:3:      layout_basic, uniq_terence, uniq_natasha, uniq_sigmund
D:4:      layout_loops_ring, nemelex_spade_bored_becter, serial_demonic,
          serial_demonic_f, serial_demonic_e, serial_demonic_e,
          serial_demonic_b, nicolae_titane, uniq_pikel, uniq_ijyb,
          uniq_crazy_yiuf_cottage

Skill      XL: |  1  2  3  4  5  6 |
---------------+-------------------+-----
Conjurations   | 5 6 |  6.1
Hexes          | 1 4 5 |  5.4
Dodging        | |  1.7
Stealth        | |  1.7
Spellcasting   | |  2.0

Action                     |  1- 3 |  4- 6 || total
---------------------------+-------+-------++-------
  Melee: Club              |    10 |       ||    10
         Dagger            |     1 |    17 ||    18
   Cast: Magic Dart        |    57 |    14 ||    71
         Searing Ray       |       |    22 ||    22
    Use: Potion            |       |     1 ||     1
         Scroll            |       |     7 ||     7
   Stab: Sleeping          |       |     2 ||     2
 Armour: Robe              |     1 |       ||     1
         Leather armour    |     6 |    22 ||    28
  Dodge: Dodged            |    13 |    33 ||    46

Table legend: (Time is in decaauts)
 A = Elapsed time spent in this place.
 B = Non-inter-level travel time spent in this place.
 C = Inter-level travel time spent in this place.
 D = Time resting spent in this place.
 E = Time spent auto-exploring this place.
 F = Levels seen in this place.
 G = Mean time per level.
                   A        B        C        D        E       F      G
               +--------+--------+--------+--------+--------+-----+--------+
         Total |   4809 |   4750 |     59 |   1081 |   3163 |   4 | 1202.2 |
       Dungeon |   4809 |   4750 |     59 |   1081 |   3163 |   4 | 1202.2 |
               +--------+--------+--------+--------+--------+-----+--------+

Top non-repeatable levels by time:
     D:2: 1565 daAuts
     D:1: 1358 daAuts
     D:3: 1062 daAuts
     D:4: 823 daAuts
